PAA
NORTHVILLE ECLIPSE @ LITTLE CAESARS HOT N READYS
08/01/2028
 
TOP OF THE 1ST
Northville Eclipse batting - Pitching for Little Caesars Hot N Readys : RHP Luis Bustamante
Pitching: RHP Luis Bustamante
Batting: RHB Alfonso Grappasonni 0-0: SINGLE (Groundball, 6MD)
Batting: LHB Darrell Woodmansee 0-0: Ball
Alfonso Grappasonni steals 2nd base
1-0: Ball
2-0: Ball
3-0: Base on Balls
Batting: RHB Augusto Rocha 0-0: Foul Ball, location: 2F
0-1: Called Strike
0-2: Strikes out swinging
Batting: LHB Koen van den Bogaert 0-0: Ball
Alfonso Grappasonni steals 3rd base
Darrell Woodmansee to second
1-0: Called Strike
1-1: Swinging Strike
1-2: Fly out, F8 (Line Drive, 8RXD)
Runner from 3rd tags up, SCORES, no throw
Darrell Woodmansee to third
Batting: RHB Cosmo Bjorkenheim 0-0: Called Strike
0-1: Foul Ball, location: 2F
0-2: Fly out, F7 (Flyball, 7LSF)
Top of the 1st over - 1 run(s), 1 hit(s), 0 error(s), 1 left on base; Northville 1 - Little Caesars 0
BOTTOM OF THE 1ST
Little Caesars Hot N Readys batting - Pitching for Northville Eclipse : RHP Javier Luna
Pitching: RHP Javier Luna
Batting: LHB Pedro García 0-0: Called Strike
0-1: Ball
1-1: SINGLE (Line Drive, 6)
Batting: SHB Tony Gutiérrez 0-0: Called Strike
0-1: Called Strike
0-2: Ball
1-2: SINGLE (Groundball, 6MD)
Pedro García to second
Runner from 2nd tries for 3rd, OUT!
Tony Gutiérrez to second
Batting: SHB Shiki Sanu 0-0: Ball
1-0: Ball
2-0: SINGLE (Groundball, 4MD)
Tony Gutiérrez to third
Runner from 3rd tries for Home, SAFE, no throw
Batting: RHB Luis Aragón 0-0: Called Strike
0-1: Ball
1-1: Ball
2-1: Foul Ball, location: 2F
2-2: Strikes out looking
Batting: LHB Sean Angwin 0-0: Swinging Strike
0-1: Swinging Strike
0-2: Ball
1-2: Strikes out looking
Bottom of the 1st over - 1 run(s), 3 hit(s), 0 error(s), 1 left on base; Northville 1 - Little Caesars 1
TOP OF THE 2ND
Northville Eclipse batting - Pitching for Little Caesars Hot N Readys : RHP Luis Bustamante
Batting: RHB Luis Guerrero 0-0: Ball
1-0: Ball
2-0: Swinging Strike
2-1: Ball
3-1: Ground out 5-3 (Groundball, 56)
Batting: RHB Dan Hart 0-0: Called Strike
0-1: Fly out, F8 (Flyball, 8RM)
Batting: RHB José Sánchez 0-0: Fly out, F7 (Flyball, 78M)
Top of the 2nd over - 0 run(s), 0 hit(s), 0 error(s), 0 left on base; Northville 1 - Little Caesars 1
BOTTOM OF THE 2ND
Little Caesars Hot N Readys batting - Pitching for Northville Eclipse : RHP Javier Luna
Batting: LHB Greg Scroggins 0-0: Swinging Strike
0-1: Foul Ball, location: 2F
0-2: Ball
1-2: Ball
2-2: Ball
3-2: Strikes out swinging
Batting: RHB Júlio Morín 0-0: Ball
1-0: Ball
2-0: Ball
3-0: Foul Ball, location: 2F
3-1: Base on Balls
Batting: SHB Bernard Gauthier 0-0: Called Strike
Júlio Morín steals 2nd base
0-1: Ball
1-1: Called Strike
1-2: Ball
2-2: Foul Ball, location: 2F
2-2: Foul Ball, location: 2F
2-2: Ball
3-2: Foul Ball, location: 2F
3-2: Base on Balls
Batting: SHB Allen Pandey 0-0: Swinging Strike
0-1: Fly out, F8 (Flyball, 8RS)
Batting: LHB Pedro García 0-0: Ball
1-0: Ball
2-0: Called Strike
2-1: Ball
3-1: Ground out 3-1 (Groundball, 34)
Bottom of the 2nd over - 0 run(s), 0 hit(s), 0 error(s), 2 left on base; Northville 1 - Little Caesars 1
TOP OF THE 3RD
Northville Eclipse batting - Pitching for Little Caesars Hot N Readys : RHP Luis Bustamante
Batting: LHB Octávio Ontiveros 0-0: Called Strike
0-1: Ball
1-1: Fly out, F4 (Line Drive, 4)
Batting: RHB Alfonso Grappasonni 0-0: Called Strike
0-1: Ball
1-1: Foul Ball, location: 2F
1-2: Strikes out swinging
Batting: LHB Darrell Woodmansee 0-0: Called Strike
0-1: Called Strike
0-2: Ball
1-2: Strikes out swinging
Top of the 3rd over - 0 run(s), 0 hit(s), 0 error(s), 0 left on base; Northville 1 - Little Caesars 1
BOTTOM OF THE 3RD
Little Caesars Hot N Readys batting - Pitching for Northville Eclipse : RHP Javier Luna
Batting: SHB Tony Gutiérrez 0-0: Called Strike
0-1: Ball
1-1: Ball
2-1: SINGLE (Line Drive, 8RS)
Batting: SHB Shiki Sanu 0-0: Called Strike
0-1: Ball
1-1: Ball
2-1: Fly out, F7 (Flyball, 7S)
Batting: RHB Luis Aragón 0-0: Ball
Tony Gutiérrez steals 2nd base
1-0: Foul Ball, location: 2F
1-1: Ball
2-1: Ball
3-1: Foul Ball, location: 2F
3-2: Ground out 1-3 (Groundball, 13S)
Tony Gutiérrez to third
Batting: LHB Sean Angwin 0-0: Swinging Strike
0-1: Fly out, F7 (Flyball, 78M)
Bottom of the 3rd over - 0 run(s), 1 hit(s), 0 error(s), 1 left on base; Northville 1 - Little Caesars 1
TOP OF THE 4TH
Northville Eclipse batting - Pitching for Little Caesars Hot N Readys : RHP Luis Bustamante
Batting: RHB Augusto Rocha 0-0: Called Strike
0-1: Foul Ball, location: 2F
0-2: Ball
1-2: Ball
2-2: Ball
3-2: Foul Ball, location: 2F
3-2: Foul Ball, location: 2F
3-2: Base on Balls
Batting: LHB Koen van den Bogaert 0-0: Ball
1-0: Called Strike
1-1: Ball
2-1: Foul Ball, location: 2F
2-2: Ball
3-2: Base on Balls
Augusto Rocha to second
Batting: RHB Cosmo Bjorkenheim 0-0: Foul Ball, location: 2F
0-1: Ball
1-1: Foul Ball, location: 2F
1-2: Ball
2-2: Ground out 5-3 (Groundball, 56S)
Augusto Rocha to third
Koen van den Bogaert to second
Batting: RHB Luis Guerrero 0-0: Foul Ball, location: 2F
0-1: Called Strike
0-2: Ball
1-2: Ground out 5-3 (Groundball, 56D)
Augusto Rocha scores
Batting: RHB Dan Hart 0-0: Called Strike
0-1: Ball
1-1: Called Strike
1-2: Strikes out looking
Top of the 4th over - 1 run(s), 0 hit(s), 0 error(s), 1 left on base; Northville 2 - Little Caesars 1
BOTTOM OF THE 4TH
Little Caesars Hot N Readys batting - Pitching for Northville Eclipse : RHP Javier Luna
Batting: LHB Greg Scroggins 0-0: Ground out 5-3 (Groundball, 56)
Batting: RHB Júlio Morín 0-0: Ball
1-0: Called Strike
1-1: Ball
2-1: Ground out 6-3 (Groundball, 6)
Batting: SHB Bernard Gauthier 0-0: Called Strike
0-1: Ball
1-1: Ground out 6-3 (Groundball, 6)
Bottom of the 4th over - 0 run(s), 0 hit(s), 0 error(s), 0 left on base; Northville 2 - Little Caesars 1
TOP OF THE 5TH
Northville Eclipse batting - Pitching for Little Caesars Hot N Readys : RHP Luis Bustamante
Batting: RHB José Sánchez 0-0: Ball
1-0: Ball
2-0: Called Strike
2-1: Ball
3-1: Called Strike
3-2: Foul Ball, location: 2F
3-2: Foul Ball, location: 2F
3-2: Foul Ball, location: 2F
3-2: Foul Ball, location: 2F
3-2: Fly out, F8 (Line Drive, 78M)
Batting: LHB Octávio Ontiveros 0-0: Foul Ball, location: 2F
0-1: Swinging Strike
0-2: SINGLE (Groundball, 56D)
Batting: RHB Alfonso Grappasonni 0-0: Ball
1-0: Ball
2-0: Called Strike
2-1: Fly out, F9 (Flyball, 89M)
Batting: LHB Darrell Woodmansee 0-0: Called Strike
0-1: Foul Ball, location: 2F
0-2: Ball
Octávio Ontiveros steals 2nd base
1-2: Strikes out swinging
Top of the 5th over - 0 run(s), 1 hit(s), 0 error(s), 1 left on base; Northville 2 - Little Caesars 1
BOTTOM OF THE 5TH
Little Caesars Hot N Readys batting - Pitching for Northville Eclipse : RHP Javier Luna
Batting: SHB Allen Pandey 0-0: Ball
1-0: Ground out 3-1 (Groundball, 34)
Batting: LHB Pedro García 0-0: Swinging Strike
0-1: Called Strike
0-2: Ball
1-2: Ball
2-2: Strikes out swinging, 2-3 out at first.
Batting: SHB Tony Gutiérrez 0-0: DOUBLE (Line Drive, 9LM)
Batting: SHB Shiki Sanu 0-0: Fly out, F7 (Line Drive, 7)
Bottom of the 5th over - 0 run(s), 1 hit(s), 0 error(s), 1 left on base; Northville 2 - Little Caesars 1
TOP OF THE 6TH
Northville Eclipse batting - Pitching for Little Caesars Hot N Readys : RHP Luis Bustamante
Batting: RHB Augusto Rocha 0-0: Swinging Strike
0-1: Ball
1-1: Ball
2-1: Called Strike
2-2: Ball
3-2: Ground out 5-3 (Groundball, 56)
Batting: LHB Koen van den Bogaert 0-0: SINGLE (Flyball, 9LS)
Batting: RHB Cosmo Bjorkenheim 0-0: Swinging Strike
0-1: Ball
1-1: Ball
Koen van den Bogaert steals 2nd base
2-1: Foul Ball, location: 2F
2-2: Ball
3-2: Base on Balls
Batting: RHB Luis Guerrero 0-0: Called Strike
0-1: Ball
1-1: Called Strike
Koen van den Bogaert is caught stealing 3rd base
Cosmo Bjorkenheim to second
1-2: Ball
2-2: Ball
3-2: Base on Balls
Batting: RHB Dan Hart 0-0: Ball
1-0: Ground out 4-3 (Groundball, 4S)
Top of the 6th over - 0 run(s), 1 hit(s), 0 error(s), 2 left on base; Northville 2 - Little Caesars 1
BOTTOM OF THE 6TH
Little Caesars Hot N Readys batting - Pitching for Northville Eclipse : RHP Javier Luna
Batting: RHB Luis Aragón 0-0: Ground out 6-3 (Groundball, 6)
Batting: LHB Sean Angwin 0-0: Ball
1-0: SOLO HOME RUN (Flyball, 9D), Distance : 393 ft
Batting: LHB Greg Scroggins 0-0: Called Strike
0-1: Ball
1-1: Ball
2-1: Ball
3-1: Called Strike
3-2: Foul Ball, location: 2F
3-2: Fly out, F6 (Popup, 4MS)
Batting: RHB Júlio Morín 0-0: Ball
1-0: Ground out 5-3 (Groundball, 56)
Bottom of the 6th over - 1 run(s), 1 hit(s), 0 error(s), 0 left on base; Northville 2 - Little Caesars 2
TOP OF THE 7TH
Northville Eclipse batting - Pitching for Little Caesars Hot N Readys : RHP Luis Bustamante
Batting: RHB José Sánchez 0-0: Called Strike
0-1: Ball
1-1: Called Strike
1-2: Strikes out swinging
Batting: LHB Octávio Ontiveros 0-0: Ball
1-0: Swinging Strike
1-1: Foul Ball, location: 2F
1-2: SINGLE (Line Drive, 56D)
Pitching: RHP Pat Hunt
Batting: RHB Alfonso Grappasonni 0-0: Ball
Octávio Ontiveros steals 2nd base
1-0: Called Strike
1-1: Swinging Strike
1-2: Strikes out swinging
Batting: LHB Darrell Woodmansee 0-0: Ball
1-0: Ball
2-0: Ground out 6-3 (Groundball, 6)
Top of the 7th over - 0 run(s), 1 hit(s), 0 error(s), 1 left on base; Northville 2 - Little Caesars 2
BOTTOM OF THE 7TH
Little Caesars Hot N Readys batting - Pitching for Northville Eclipse : RHP Javier Luna
Batting: SHB Bernard Gauthier 0-0: Fly out, F7 (Flyball, 7S)
Pinch Hitting: RHB Steve Hilburn 0-0: Ground out 5-3 (Groundball, 56)
Batting: LHB Pedro García 0-0: Called Strike
0-1: Ball
1-1: Fly out, F8 (Flyball, 8LM)
Bottom of the 7th over - 0 run(s), 0 hit(s), 0 error(s), 0 left on base; Northville 2 - Little Caesars 2
TOP OF THE 8TH
Northville Eclipse batting - Pitching for Little Caesars Hot N Readys : RHP Pat Hunt
Now at 1B: Steve Hilburn
Batting: RHB Augusto Rocha 0-0: Ball
1-0: Ball
2-0: Ball
3-0: Called Strike
3-1: SINGLE (Groundball, 23) (infield hit)
Batting: LHB Koen van den Bogaert 0-0: DOUBLE (Groundball, 3L)
Augusto Rocha to third
Batting: RHB Cosmo Bjorkenheim 0-0: Called Strike
0-1: Swinging Strike
0-2: Ball
1-2: Ground out 6-3 (Groundball, 6S)
Batting: RHB Luis Guerrero 0-0: Intentional Walk
Batting: RHB Dan Hart 0-0: Ball
1-0: Ball
2-0: Foul Ball, location: 2F
2-1: Foul Ball, location: 2F
2-2: Strikes out swinging
Batting: RHB José Sánchez 0-0: Ball
1-0: Fly out, F9 (Flyball, 9LSF)
Top of the 8th over - 0 run(s), 2 hit(s), 0 error(s), 3 left on base; Northville 2 - Little Caesars 2
BOTTOM OF THE 8TH
Little Caesars Hot N Readys batting - Pitching for Northville Eclipse : RHP Javier Luna
Batting: SHB Tony Gutiérrez 0-0: Foul Ball, location: 2F
0-1: Ball
1-1: Ball
2-1: Ball
3-1: Foul Ball, location: 2F
3-2: Base on Balls
Batting: SHB Shiki Sanu Pickoff Throw to First - Error! E1
Tony Gutiérrez to second
0-0: Ball
1-0: Called Strike
1-1: Swinging Strike
1-2: Fly out, F9 (Flyball, 9)
Batting: RHB Luis Aragón 0-0: Called Strike
0-1: Ball
1-1: Ground out 3-1 (Groundball, 34)
Tony Gutiérrez to third
Batting: LHB Sean Angwin 0-0: Called Strike
0-1: Fly out, F9 (Flyball, 9D)
Bottom of the 8th over - 0 run(s), 0 hit(s), 1 error(s), 1 left on base; Northville 2 - Little Caesars 2
TOP OF THE 9TH
Northville Eclipse batting - Pitching for Little Caesars Hot N Readys : RHP Pat Hunt
Pitching: LHP Filip Radyuhin
Pinch Hitting: RHB Dave Shaw 0-0: Ball
1-0: Fly out, F9 (Flyball, 89M)
Batting: RHB Alfonso Grappasonni 0-0: Fly out, F9 (Flyball, 9LS)
Pinch Hitting: RHB José Silva 0-0: Called Strike
0-1: Swinging Strike
0-2: Ground out 4-3 (Groundball, 4)
Top of the 9th over - 0 run(s), 0 hit(s), 0 error(s), 0 left on base; Northville 2 - Little Caesars 2
BOTTOM OF THE 9TH
Little Caesars Hot N Readys batting - Pitching for Northville Eclipse : RHP Javier Luna
Now at SS: Dave Shaw
Now in CF: José Silva
Batting: LHB Greg Scroggins 0-0: SINGLE (Line Drive, 56D)
Batting: RHB Júlio Morín 0-0: Bunted foul
0-1: Sac Bunt - play at first, batter OUT! 5-4
Greg Scroggins to second
Batting: SHB Bernard Gauthier 0-0: Ball
1-0: Ball
2-0: Foul Ball, location: 2F
2-1: Fly out, F8 (Flyball, 78D)
Batting: RHB Steve Hilburn 0-0: Ball
1-0: Fly out, F9 (Flyball, 9LS)
Bottom of the 9th over - 0 run(s), 1 hit(s), 0 error(s), 1 left on base; Northville 2 - Little Caesars 2
TOP OF THE 10TH
Northville Eclipse batting - Pitching for Little Caesars Hot N Readys : LHP Filip Radyuhin
Batting: RHB Augusto Rocha 0-0: Ball
1-0: Called Strike
1-1: Ball
2-1: Called Strike
2-2: Foul Ball, location: 2F
2-2: Ball
3-2: Strikes out swinging
Pinch Hitting: RHB Luis Hernández 0-0: Ball
1-0: SINGLE (Line Drive, 56D)
Batting: RHB Cosmo Bjorkenheim 0-0: Ball
1-0: Ball
2-0: Ground out 5-3 (Groundball, 5S)
Luis Hernández to second
Batting: RHB Luis Guerrero 0-0: Ball
1-0: Called Strike
1-1: Foul Ball, location: 2F
1-2: SINGLE (Groundball, 56D)
Luis Hernández to third
Runner from 3rd tries for Home, SAFE, no throw
Pinch Hitting: RHB John Townsend 0-0: Ball
1-0: Ball
2-0: Called Strike
2-1: Swinging Strike
2-2: Ground out 6-3 (Groundball, 6)
Top of the 10th over - 1 run(s), 2 hit(s), 0 error(s), 1 left on base; Northville 3 - Little Caesars 2
BOTTOM OF THE 10TH
Little Caesars Hot N Readys batting - Pitching for Northville Eclipse : RHP Javier Luna
Pitching: RHP Rafael Méndez
Now at 1B: King Tracy
Now at 2B: John Townsend
Batting: LHB Pedro García 0-0: Ball
1-0: SINGLE (Line Drive, 4M)
Batting: SHB Tony Gutiérrez 0-0: Sac Bunt - play at first, batter OUT! 1-4
Pedro García to second
Batting: SHB Shiki Sanu 0-0: Foul Ball, location: 2F
0-1: Foul Ball, location: 2F
0-2: Strikes out swinging
Batting: RHB Luis Aragón 0-0: Foul Ball, location: 2F
0-1: Ball
1-1: Ball
2-1: Ball
3-1: Called Strike
3-2: Fly out, F4 (Popup, 4D)
Bottom of the 10th over - 0 run(s), 1 hit(s), 0 error(s), 1 left on base; Northville 3 - Little Caesars 2
Monday, August 21st, 2017 - OOTP Baseball 17.12 Build 75